 Dungeon Crawl Stone Soup version 0.19-a0-944-gb338e1e (webtiles) character file.

21779 zero the Impaler (level 12, -9/113 HPs)
             Began as a Minotaur Berserker on July 8, 2016.
             Was a High Priest of Trog.
             Mangled by a hornet (14 damage)
             ... while paralysed by a hornet
             ... on level 4 of the Lair of Beasts.
             The game lasted 00:16:56 (11953 turns).

zero the Impaler (Minotaur Berserker)              Turns: 11953, Time: 00:16:57

Health: -9/113     AC: 17    Str: 26    XL:     12   Next: 57%
Magic:  5/5        EV:  2    Int:  4    God:    Trog [*****.]
Gold:   584        SH:  0    Dex: 11    Spells: 0 memorised, 11 levels left

rFire  . . .     SeeInvis .     P - +2 demon trident (antimagic)
rCold  . . .     Gourm    .     D - +0 plate armour
rNeg   + . .     Faith    .     (no shield)
rPois  .         Spirit   .     (helmet restricted)
rElec  .         Dismiss  .     (no cloak)
rCorr  .         Reflect  .     t - +2 pair of gloves
SustAt .         Harm     .     g - +2 pair of boots
MR     +++..                    (no amulet)
Stlth  ..........               j - ring of positive energy
                                f - ring of protection from magic

@: paralysed, lethally poisoned (-9 -> -10), exhausted, regenerating, slowed,
extremely resistant to hostile enchantments, extremely unstealthy
A: retaliatory headbutt, hooves 1, horns 2
a: Berserk, Trog's Hand, Brothers in Arms, Burn Spellbooks, Renounce Religion


You were on level 4 of the Lair of Beasts.
You worshipped Trog.
Trog was extremely pleased with you.
You were hungry.

You visited 2 branches of the dungeon, and saw 14 of its levels.
You also visited: Sewer.

You collected 584 gold pieces.

Inventory:

Hand Weapons
 i - a +2 glaive of protection
 P - a +2 antimagic demon trident (weapon)
Missiles
 y - 5 javelins of returning
 O - a throwing net (quivered)
Armour
 g - a +2 pair of boots (worn)
 t - a +2 pair of gloves (worn)
 D - a +0 plate armour (worn)
Jewellery
 f - a ring of protection from magic (left hand)
 j - a ring of positive energy (right hand)
 u - an uncursed ring of protection from fire
 B - a +1 ring of protection
Wands
 e - a wand of confusion (15/48)
 k - a wand of lightning (10/15)
 w - a wand of flame (11/48)
 C - a wand of digging (13/24)
 E - a wand of polymorph (7/24)
 I - a wand of iceblast (7/15)
 J - a wand of heal wounds (3/9)
 K - a wand of confusion (31/48)
Scrolls
 h - a scroll of fear
 m - 2 scrolls of teleportation
 s - a scroll of identify
 x - 3 scrolls of fog
 H - a scroll of enchant weapon
 L - 2 scrolls of remove curse
Potions
 a - 2 potions of flight
 b - 4 potions of might
 d - a potion of cure mutation
 l - 2 potions of invisibility
 n - 2 potions of haste
 o - a potion of ambrosia
 q - 2 potions of resistance
 r - 2 potions of berserk rage
 v - 5 potions of heal wounds
 z - 2 potions of cancellation
 M - 2 potions of curing
Comestibles
 c - 11 bread rations
 p - 7 meat rations
 A - 3 beef jerkies
 F - 6 royal jellies
 G - 3 slices of pizza
 N - 4 inedible chunks of flesh


   Skills:
 + Level 12.6 Fighting
 * Level 17.5 Polearms
 - Level 2.4 Armour
 - Level 2.1 Dodging
 + Level 9.2 Evocations


You had 11 spell levels left.
You didn't know any spells.

Dungeon Overview and Level Annotations

Branches:
Dungeon (11/15)            Temple (0/1) D:7            Lair (2/6) D:10
  Swamp (0/4) Lair:2
  Snake: Lair:2-4    Spider: Lair:2-4       Orc: D:9-12

Altars:
Ashenzari
Cheibriados
Elyvilon
Fedhas
Gozag
Hepliaklqana
Nemelex Xobeh
Okawaru
Ru
Uskayaw
Vehumet
Xom
Yredelemnul
Zin
The Shining One

Shops:
D:5 *   D:7 :


Innate Abilities, Weirdness & Mutations

You reflexively headbutt those who attack you in melee.
You have a pair of horns on your head.
You have large cloven feet.


Message History

The hornet stings you but does no damage.
The elephant tramples you!
* * * LOW HITPOINT WARNING * * *
You stumble backwards!
Your iron troll bites the elephant!!!
Your iron troll claws the elephant! x2
You barely miss the elephant.
The elephant is almost dead.
You closely miss the hornet.
You feel sick.
Your iron troll bites the hornet!!
Your iron troll barely misses the hornet.
Your iron troll claws the hornet!!
The hornet stings you!
* * * LOW HITPOINT WARNING * * *
You are more poisoned.
You suddenly lose the ability to move!
You feel sick.
The hornet stings you but does no damage.
Your iron troll barely misses the hornet.
Your iron troll closely misses the hornet.
Your iron troll barely misses the hornet.
The hornet stings you!
You die...

#... ##... ....
... #.. #..####
#....## ##
#@T..#
#.#.P##y#.###
#....†.Y....#
##..........#
#...........P#
##.............
#...........#.#
##...........##
###.##....#.#


You could see an elephant, a hornet and a friendly iron troll (berserk).

Vanquished Creatures
  The ghost of zero the Spear-Bearer, a journeyman MiBe of Trog (Lair:1)
  2 hydras
  The ghost of retryentry the Carver, a novice DrFi of Okawaru (D:8)
  The ghost of tstbtto the Carver, a novice HEFi of Cheibriados (D:7)
  The ghost of tstbtto the Carver, a novice HEFi (D:5)
  4 black mambas (Lair:1)
  An elephant (D:10)
  A spiny frog (Lair:2)
  A rime drake (Lair:1)
  7 komodo dragons (Lair:1)
  A queen bee (Lair:2)
  A troll (D:11)
  Prince Ribbit (D:7)
  6 spriggans (Lair:1)
  A human (D:7)
  2 wyverns
  A basilisk (Lair:1)
  A hog (D:7)
  20 yaks
  6 hippogriffs
  A hungry ghost (D:7)
  Menkaure (D:7)
  Edmund (D:6)
  7 water moccasins
  Duvessa (D:5)
  3 porcupines
  2 sky beasts
  2 black bears (D:8)
  An ice beast (D:9)
  Purgy (Sewer)
  An eye of draining (D:10)
  13 wolves
  3 ogres
  4 centaurs
  The ghost of tstbtto the Slasher, an amateur HEFi (D:3)
  5 crocodiles
  Blork the orc (D:5)
  A big kobold (D:7)
  5 giant frogs
  A gnoll sergeant (D:7)
  Dowan (D:5)
  2 wyvern skeletons
  3 scorpions
  20 killer bees
  2 howler monkeys
  A crimson imp (D:8)
  A giant frog zombie (D:8)
  4 hounds
  A giant frog skeleton (D:4)
  3 jellies
  An orc priest (D:7)
  A centaur skeleton (D:9)
  5 iguanas
  A gnoll shaman (D:10)
  10 orc wizards
  9 worker ants
  A killer bee zombie (D:6)
  14 sheep
  A hound zombie (D:6)
  A hound skeleton (D:6)
  A howler monkey zombie (D:7)
  15 gnolls
  9 adders
  28 river rats
  5 shadow imps
  2 adder zombies
  2 adder skeletons
  4 worms
  3 dart slugs
  7 giant geckos
  21 orcs
  6 giant cockroaches
  10 goblins
  7 hobgoblins
  11 jackals
  6 quokkas
  5 bats
  7 giant newts
  17 kobolds
  6 rats
369 creatures vanquished.

Vanquished Creatures (collateral kills)
  A spiny frog (Lair:4)
  A yak (Lair:4)
2 creatures vanquished.

Vanquished Creatures (others)
  A fungus (Lair:1)
1 creature vanquished.

Grand Total: 372 creatures vanquished

Notes
Turn   | Place    | Note
-------+----------+-------------------------------------------
     0 | D:1      | zero the Minotaur Berserker began the quest for the Orb.
     0 | D:1      | Reached XP level 1. HP: 19/19 MP: 0/0
    93 | D:1      | Reached skill level 4 in Polearms
   123 | D:1      | Reached XP level 2. HP: 12/26 MP: 1/1
   328 | D:1      | Reached skill level 5 in Polearms
   340 | D:1      | Reached ** piety under Trog
   355 | D:1      | Reached XP level 3. HP: 25/31 MP: 2/2
  1282 | D:2      | Reached skill level 6 in Polearms
  1282 | D:2      | Reached XP level 4. HP: 39/39 MP: 3/3
  1586 | D:2      | Found a glowing silver altar of Zin.
  1933 | D:3      | Found a glowing golden altar of the Shining One.
  2010 | D:3      | Reached skill level 7 in Polearms
  2010 | D:3      | Reached XP level 5. HP: 45/45 MP: 4/4
  2072 | D:3      | Noticed tstbtto's ghost (amateur HEFi)
  2093 | D:3      | Killed tstbtto's ghost
  2119 | D:3      | Found a sparkling altar of Nemelex Xobeh.
  2119 | D:3      | Found a radiant altar of Vehumet.
  2121 | D:3      | Found a white marble altar of Elyvilon.
  2146 | D:3      | Found a snail-covered altar of Cheibriados.
  2160 | D:3      | Reached skill level 8 in Polearms
  2293 | D:3      | Found an opulent altar of Gozag.
  2576 | D:3      | Found an iron altar of Okawaru.
  2576 | D:3      | Found a shimmering altar of Xom.
  2669 | D:3      | Found a basalt altar of Yredelemnul.
  2739 | D:3      | Noticed an angel
  2809 | D:4      | Reached *** piety under Trog
  2809 | D:4      | Reached XP level 6. HP: 40/52 MP: 5/5
  2890 | D:4      | Reached skill level 1 in Evocations
  3268 | D:4      | Reached XP level 7. HP: 55/60 MP: 7/7
  3296 | D:4      | Reached skill level 9 in Polearms
  3691 | D:5      | Entered Level 5 of the Dungeon
  3757 | D:5      | Noticed Duvessa
  3762 | D:5      | Noticed Dowan
  3767 | D:5      | Killed Duvessa
  3767 | D:5      | Reached skill level 5 in Fighting
  3772 | D:5      | Killed Dowan
  3869 | D:5      | Found a glowing drain.
  3879 | D:5      | Noticed Blork the orc
  3886 | D:5      | Killed Blork the orc
  3903 | Sewer    | Entered a sewer
  3996 | Sewer    | Noticed Purgy
  4001 | Sewer    | Killed Purgy
  4228 | D:5      | Gained mutation: You have large cloven feet. [potion of beneficial mutation]
  4286 | D:5      | Found Ohagrat's General Store.
  4288 | D:5      | Noticed tstbtto's ghost (novice HEFi)
  4297 | D:5      | Killed tstbtto's ghost
  4297 | D:5      | Reached skill level 10 in Polearms
  4297 | D:5      | Reached XP level 8. HP: 60/70 MP: 9/9
  4517 | D:6      | Found a shattered altar of Ashenzari.
  4518 | D:6      | Found a blossoming altar of Fedhas.
  4606 | D:6      | Reached skill level 11 in Polearms
  4673 | D:6      | Noticed Edmund
  4679 | D:6      | Killed Edmund
  4679 | D:6      | Reached **** piety under Trog
  5004 | D:7      | Reached XP level 9. HP: 70/79 MP: 11/11
  5034 | D:7      | Noticed Menkaure
  5040 | D:7      | Killed Menkaure
  5091 | D:7      | Noticed Prince Ribbit
  5200 | D:7      | Noticed tstbtto's ghost (novice HEFi)
  5207 | D:7      | Killed tstbtto's ghost
  5207 | D:7      | Reached skill level 12 in Polearms
  5316 | D:7      | Found a staircase to the Ecumenical Temple.
  5323 | D:7      | Found Ymote's Book Shoppe.
  5373 | D:7      | Reached skill level 5 in Evocations
  5502 | D:7      | Killed Prince Ribbit
  5599 | D:7      | Reached skill level 13 in Polearms
  5817 | D:7      | Reached XP level 10. HP: 90/90 MP: 13/13
  5832 | D:7      | Reached ***** piety under Trog
  6147 | D:8      | Noticed retryentry's ghost (novice DrFi)
  6162 | D:8      | Killed retryentry's ghost
  6454 | D:8      | Found a hazy altar of Hepliaklqana.
  6742 | D:8      | Reached skill level 14 in Polearms
  6977 | D:9      | Found a sacrificial altar of Ru.
  7200 | D:9      | Found a sparkling altar of Nemelex Xobeh.
  7394 | D:9      | Found a hide-covered altar of Uskayaw.
  7735 | D:10     | Entered Level 10 of the Dungeon
  7829 | D:10     | Noticed an elephant
  7837 | D:10     | Killed an elephant
  7837 | D:10     | Reached skill level 10 in Fighting
  7886 | D:10     | Found a staircase to the Lair.
  8483 | D:11     | Reached XP level 11. HP: 45/101 MP: 15/15
  8786 | Lair:1   | Entered Level 1 of the Lair of Beasts
  9141 | Lair:1   | Reached skill level 15 in Polearms
  9302 | Lair:1   | HP: 7/151 [poisoned by a black mamba]
  9307 | Lair:1   | HP: 3/151 [poisoned by a black mamba]
  9311 | Lair:1   | HP: 1/101 [poisoned by a black mamba]
  9692 | Lair:1   | Noticed zero's ghost (journeyman MiBe)
  9716 | Lair:1   | Killed zero's ghost
  9917 | Lair:1   | Reached skill level 16 in Polearms
  9954 | Lair:1   | Received a gift from Trog
 10647 | Lair:1   | Noticed a six-headed hydra
 10657 | Lair:1   | Killed an 11-headed hydra
 10657 | Lair:1   | Reached ****** piety under Trog
 10657 | Lair:1   | Reached XP level 12. HP: 112/112 MP: 17/17
 10942 | Lair:2   | Received a gift from Trog
 11068 | Lair:2   | Noticed an eight-headed hydra
 11076 | Lair:2   | Killed a 12-headed hydra
 11076 | Lair:2   | Reached skill level 17 in Polearms
 11462 | Lair:2   | Found a staircase to the Swamp.
 11786 | Lair:2   | Received a gift from Trog
 11911 | Lair:2   | You fall through a shaft for 2 floors!
 11952 | Lair:4   | Paralysed by a hornet for 3 turns
 11953 | Lair:4   | HP: 5/113 [poisoned by a hornet]
 11953 | Lair:4   | Mangled by a hornet

Vault maps used:
D:1:      dpeg_arrival_water_fire
D:2:      zin_statuary, minmay_tromino_v2
D:3:      grunt_temple_overflow_holy_war, minitemple,
          nicolae_overflow_hidden_temple, grunt_gozag_breadcrumbs
D:4:      minmay_thick_lines, grunt_decor_mini_mirrors
D:5:      gup_sewer_entry_glass, first_bread, serial_shops, shop_statue,
          uniq_blork_the_orc, uniq_duvessa
D:6:      grunt_temple_overflow_open, uniq_edmund
D:7:      grunt_livestock, grunt_decor_resistance, kennysheep_windowed_goal,
          uniq_menkaure, uniq_prince_ribbit1
D:8:      lemuel_crystal_altar
D:9:      lemuel_round_altar, old_standard_altar,
          nemelex_xobeh_ov_fountains_minmay
D:10:     david_lair_generic
Lair:1:   kb_forest_paths, beast_lair_carwin_8
Lair:2:   swamp_mist_pool, special_room, grunt_megastairs_3
Sewer:    kennysheep_door_sewer

Skill      XL: |  1  2  3  4  5  6  7  8  9 10 11 12 |
---------------+-------------------------------------+-----
Polearms       | 4 5 6 7 8 10 11 13 14 16 17 | 17.5
Evocations     | 1 3 4 5 6 8 9 |  9.2
Fighting       | 4 6 7 8 10 11 12 | 12.6
Armour         | |  2.4
Dodging        | |  2.1

Action                   |  1- 3 |  4- 6 |  7- 9 | 10-12 || total
-------------------------+-------+-------+-------+-------++-------
Melee: Spear             |   123 |    65 |       |       ||   188
       Headbutt          |     9 |    24 |    53 |   101 ||   187
       Trident           |       |    85 |    52 |       ||   137
       Glaive            |       |       |   198 |   520 ||   718
       Demon trident     |       |       |       |    45 ||    45
Invok: Berserk           |     2 |       |     3 |    11 ||    16
       Trog's Hand       |       |       |     1 |     3 ||     4
       Brothers in Arms  |       |       |       |     1 ||     1
Evoke: Wand              |       |       |     1 |     4 ||     5
  Use: Scroll            |       |     5 |     9 |    17 ||    31
       Potion            |       |       |     1 |     1 ||     2
 Stab: Distracted        |       |       |     2 |       ||     2
  Eat: Chunk             |     2 |     8 |    17 |    22 ||    49
       Pizza             |       |       |       |     4 ||     4
       Fruit             |       |       |       |     5 ||     5
Armor: Animal skin       |     4 |       |       |       ||     4
       Scale mail        |    19 |    36 |    19 |       ||    74
       Plate armour      |       |       |   131 |   378 ||   509
Dodge: Dodged            |    48 |    59 |    73 |   208 ||   388
